[Event "Titled Tuesday Blitz August 15 Late 2023"]
[White "Pein, Jonathan"]
[Black "Maluco_do_Natal_00"]
[WhiteFideId "417092"]
[WhiteElo "2414"]
[BlackElo "2067"]
[Result "1-0"]
[Round "7"]
[TimeControl "180+1"]
[Date "2023.08.15"]
[WhiteClock "0:01:30"]
[BlackClock "0:00:05"]
[Board "140"]

1. e4 c5 2. Ne2 Nc6 3. d4 cxd4 4. Nxd4 Nf6 5. Nc3 e5 6. Nf5 d5 7. Nxd5 Nxd5 8. exd5 Bxf5 9. dxc6 Qxd1+ 10. Kxd1 Rd8+ 11. Bd3 bxc6 12. Ke2 Bxd3+ 13. cxd3 Bc5 14. Be3 Bd4 15. Rac1 Kd7 16. b3 Kd6 17. Rc4 c5 18. Rhc1 Rhe8 19. Kd2 Rc8 20. b4 Kd5 21. bxc5 Rc6 22. h4 Rec8 23. Bxd4 exd4 24. Ra4 R8c7 25. Rcc4 Rxc5 26. Rxd4+ Ke6 27. Rac4 f5 28. Kc3 h6 29. h5 Kf6 30. f4 R7c6 31. Rd7 a6 32. Kd4 Rxc4+ 33. dxc4 g5 34. hxg6 Kxg6 35. Kd5 Rb6 36. c5 Rb1 37. c6 Rd1+ 38. Ke6 Re1+ 39. Kd6 Rd1+ 40. Ke7 Rc1 41. c7 Kh5 42. Kd8 Kg4 43. c8=Q Rxc8+ 44. Kxc8 Kxf4 45. Rd6 h5 46. Rxa6 Kg3 47. Rg6+ Kf4 48. a4 h4 49. a5 1-0


[Site "https://www.chess.com"]

[Event "Titled Tuesday Blitz August 15 Late 2023"]
[White "Duda, Jan-Krzysztof"]
[Black "Kazakouski, Valery"]
[WhiteFideId "1170546"]
[BlackFideId "13507443"]
[WhiteElo "3084"]
[BlackElo "2948"]
[Result "1-0"]
[Round "8"]
[TimeControl "180+1"]
[Date "2023.08.15"]
[WhiteClock "0:00:06"]
[BlackClock "0:00:01"]
[Board "1"]

1. Nf3 d5 2. g3 Nd7 3. d4 Nb6 4. Bg2 Bf5 5. O-O Nf6 6. Nh4 e6 7. Nxf5 exf5 8. Qd3 Qd7 9. b3 Be7 10. c4 O-O 11. Nc3 c6 12. c5 Nc8 13. b4 a6 14. Bh3 g6 15. a4 Re8 16. Bf4 Ne4 17. b5 Nxc3 18. Qxc3 axb5 19. axb5 Na7 20. b6 Nb5 21. Qd3 Bf6 22. e3 h5 23. Rfb1 Kg7 24. Rc1 Rh8 25. Rxa8 Rxa8 26. Qc2 Qe8 27. Bf1 Na3 28. Qb3 g5 29. Bc7 Ra5 30. h3 Nb5 31. Qb4 Qa8 32. Bd3 Ra1 33. Qe1 Rxc1 34. Qxc1 Nxc7 35. bxc7 Qc8 36. Qd1 h4 37. gxh4 gxh4 38. Qh5 Qxc7 39. Bxf5 b6 40. Qh7+ Kf8 41. Qh6+ Ke7 42. cxb6 Qxb6 43. Qf4 Qd8 44. Bg4 Qd6 45. Qf5 c5 46. dxc5 Qxc5 47. Bf3 Qc1+ 48. Kg2 Qc6 49. Bxd5 Qd6 50. Qe4+ Kf8 51. f4 Qe7 52. Qh7 Qd7 53. Qh6+ Ke7 54. Qh5 Kf8 55. Kf2 Qc7 56. Kf3 Qd7 57. Kf2 Qc7 58. Qf5 Ke7 59. Kf3 Qd7 60. Qxd7+ Kxd7 61. Bxf7 Kd6 62. Kg4 Ke7 63. Bb3 Bc3 64. Kf5 Bd2 65. e4 Bc1 66. e5 Bb2 67. Kg4 Bc3 68. Kxh4 1-0


[Site "https://www.chess.com"]

[Event "Titled Tuesday Blitz August 15 Late 2023"]
[White "Hakobyan, Aram"]
[Black "Firouzja, Alireza"]
[WhiteFideId "13306677"]
[BlackFideId "12573981"]
[WhiteElo "2979"]
[BlackElo "3128"]
[Result "1-0"]
[Round "8"]
[TimeControl "180+1"]
[Date "2023.08.15"]
[WhiteClock "0:00:05"]
[BlackClock "0:00:00"]
[Board "2"]

1. d4 Nf6 2. c4 e6 3. Nc3 Bb4 4. e3 b6 5. Bd3 Bb7 6. Nf3 c5 7. O-O O-O 8. a3 Bxc3 9. bxc3 d6 10. Nd2 Nc6 11. Bb2 Rc8 12. e4 e5 13. d5 Ne7 14. Bc1 Ng6 15. Re1 Nf4 16. Bc2 Ba6 17. g3 Ng6 18. Bd3 Rc7 19. Nf1 Bc8 20. Ne3 Kh8 21. a4 a5 22. Ra2 Ng8 23. Nf5 N6e7 24. Nxe7 Rxe7 25. Qh5 Bd7 26. f4 Qe8 27. f5 Bxa4 28. g4 f6 29. Qh4 Bb3 30. Ra3 a4 31. Kh1 b5 32. cxb5 c4 33. Be2 Qxb5 34. Be3 Bc2 35. Bf3 Qb2 36. Bc1 Qb6 37. Ra2 Qb3 38. Ra3 Qb8 39. Rg1 Rb7 40. g5 Rb3 41. Qg3 Qc7 42. Qg2 Bd3 43. Rxa4 Rxc3 44. Ra6 fxg5 45. Rc6 Qf7 46. Bxg5 Rc2 47. Qg3 Nf6 48. Bxf6 gxf6 49. Rxd6 Rg8 50. Rxf6 Rxg3 51. Rxf7 Rxg1+ 52. Kxg1 c3 53. Rc7 Rc1+ 54. Kf2 c2 55. d6 Rf1+ 56. Ke3 1-0


[Site "https://www.chess.com"]

[Event "Titled Tuesday Blitz August 15 Late 2023"]
[White "Drygalov, Sergey"]
[Black "Dubov, Daniil"]
[WhiteFideId "24171743"]
[BlackFideId "24126055"]
[WhiteElo "2969"]
[BlackElo "3048"]
[Result "1/2-1/2"]
[Round "8"]
[TimeControl "180+1"]
[Date "2023.08.15"]
[WhiteClock "0:00:12"]
[BlackClock "0:00:07"]
[Board "3"]

1. d4 Nf6 2. c4 e6 3. Nf3 d5 4. Nc3 c6 5. e3 Nbd7 6. Qc2 a5 7. Be2 dxc4 8. Bxc4 b5 9. Bd3 Bb7 10. e4 b4 11. Na4 c5 12. dxc5 Rc8 13. Be3 Ng4 14. Bb5 Nxe3 15. fxe3 Bc6 16. Bxc6 Rxc6 17. Nd4 Rc8 18. c6 Ne5 19. O-O Bd6 20. Rac1 Ng4 21. e5 Bxe5 22. Nf3 Bd6 23. Qe4 Nf6 24. Qd4 O-O 25. Rfd1 Bc7 26. Qxd8 Rfxd8 27. Kf2 Rxd1 28. Rxd1 Kf8 29. Ke2 Ke7 30. h3 Bb8 31. Nd4 Nd5 32. e4 Nf4+ 33. Kf3 Ng6 34. Nb6 Ne5+ 35. Ke2 Rc7 36. Nd7 Nxd7 37. cxd7 Kd8 38. a3 g6 39. axb4 axb4 40. g4 Rc4 41. Kd3 Rc7 42. Ke2 Rc4 43. b3 Rc3 44. Rd3 Rxd3 45. Kxd3 Kxd7 46. Kc4 Ba7 47. Nb5 Bf2 48. Kxb4 Kc6 49. Kc4 Kd7 50. Nc3 f5 51. exf5 exf5 52. gxf5 gxf5 53. Kd5 Be1 54. Ne2 f4 55. Nxf4 Ke7 56. Nd3 Bd2 57. Ne5 Kf6 58. Ke4 Bc3 59. Nf3 Ke6 60. Nd4+ Kf6 61. Ne2 Bb4 62. Nf4 Bd6 63. Nd5+ Ke6 64. Ne3 Bc5 65. Nf5 Ba3 66. Nd4+ Kf6 67. Nc6 Kg5 68. Kf3 Kf6 69. Kf4 Ke6 70. Ke4 Kd6 71. Nd4 Kc5 72. Kd3 Kd5 73. Nc2 Bd6 74. Ne3+ Ke6 75. Ke4 Bc5 76. Nf5 Ba3 77. Nd4+ Kf6 78. h4 Kg6 79. Nf3 Kh5 80. Kf5 Be7 81. Ke6 Ba3 82. Kf5 Be7 83. Ng5 Kxh4 84. Nxh7 Kg3 85. Ke6 Ba3 86. Nf6 Kf4 87. Kd5 Kf5 88. Nd7 Kg6 89. Nc5 Kf7 90. Kc6 Ke7 91. Nd3 Ke6 92. Nc5+ Ke7 93. Kb5 Kd6 94. Na6 Kd7 95. Ka4 Bc1 96. b4 Kc8 97. b5 Be3 98. Kb4 Kb7 99. Nc5+ Kc8 100. Na4 Bd2+ 101. Kc4 Be3 102. Kd5 Kb7 103. Kd6 Bf4+ 104. Kd5 Be3 105. Ke4 Bf2 106. Kd3 Bg1 107. Nc3 Bf2 108. Kc4 Bg1 109. Ne4 Be3 110. Nd6+ Kb6 111. Nf5 Bf2 112. Ne7 Bg1 113. Nd5+ Kb7 114. Nb4 Bf2 115. Kd5 Bg1 116. Nc6 Kb6 117. Kc4 Kb7 1/2-1/2


[Site "https://www.chess.com"]

[Event "Titled Tuesday Blitz August 15 Late 2023"]
[White "Xiong, Jeffery"]
[Black "Sadhwani, Raunak"]
[WhiteFideId "2047640"]
[BlackFideId "35093487"]
[WhiteElo "2988"]
[BlackElo "3026"]
[Result "1/2-1/2"]
[Round "8"]
[TimeControl "180+1"]
[Date "2023.08.15"]
[WhiteClock "0:00:05"]
[BlackClock "0:00:04"]
[Board "4"]

1. d4 Nf6 2. c4 g6 3. Nf3 Bg7 4. g3 O-O 5. Bg2 d6 6. O-O c6 7. Nc3 Bf5 8. Ne1 e5 9. d5 e4 10. Nc2 Re8 11. Bf4 c5 12. Qd2 Nh5 13. Bg5 Bf6 14. Bxf6 Nxf6 15. Ne3 Bc8 16. f3 exf3 17. exf3 Na6 18. Rfe1 Nc7 19. f4 Rb8 20. a4 b6 21. Nb5 Rb7 22. Nc3 a6 23. Re2 b5 24. axb5 axb5 25. Rae1 bxc4 26. Nxc4 Rxe2 27. Rxe2 Nb5 28. Nxb5 Rxb5 29. Qc3 Bb7 30. Qd3 Rb4 31. b3 Ba6 32. Qc3 h5 33. h3 Bb7 34. Qd3 Ba6 35. Qc3 Bc8 36. Na5 Kg7 37. Nc6 Qb6 38. Nxb4 cxb4+ 39. Qe3 Qa5 40. Qd4 Qa3 41. Re8 Qc1+ 42. Kh2 Bf5 43. Rb8 Qc2 44. Kg1 Qc1+ 45. Kh2 Qc2 46. Kg1 Qc1+ 47. Kh2 1/2-1/2


[Site "https://www.chess.com"]

[Event "Titled Tuesday Blitz August 15 Late 2023"]
[White "Nakamura, Hikaru"]
[Black "Kramnik, Vladimir"]
[WhiteFideId "2016192"]
[BlackFideId "4101588"]
[WhiteElo "3219"]
[BlackElo "2965"]
[Result "1-0"]
[Round "8"]
[TimeControl "180+1"]
[Date "2023.08.15"]
[WhiteClock "0:00:10"]
[BlackClock "0:00:00"]
[Board "5"]

1. b3 e5 2. Bb2 Nc6 3. e3 Nf6 4. Bb5 Bd6 5. Ne2 O-O 6. Ng3 a6 7. Bxc6 dxc6 8. e4 Be6 9. O-O c5 10. d3 Nd7 11. Nf5 Re8 12. Nxd6 cxd6 13. c4 f5 14. exf5 Bxf5 15. Nc3 Nf6 16. f4 Qd7 17. Qf3 exf4 18. Qxf4 Bxd3 19. Rfd1 Qf5 20. Qg3 Be2 21. Rxd6 Nh5 22. Qh4 Nf4 23. Nd5 Re4 24. Ne7+ Rxe7 25. Qxe7 Qg4 26. Rd8+ Rxd8 27. Qxd8+ Kf7 28. Qc7+ Ke8 29. Qb8+ Kd7 30. Qxb7+ Kd8 31. Qb8+ Kd7 32. Qa7+ Kd8 33. Qa8+ Kd7 34. Kh1 Nh3 35. Qd5+ Kc8 36. Qxc5+ Kb7 37. Be5 1-0


[Site "https://www.chess.com"]

[Event "Titled Tuesday Blitz August 15 Late 2023"]
[White "Vachier-Lagrave, Maxime"]
[Black "Dardha, Daniel"]
[WhiteFideId "623539"]
[BlackFideId "240990"]
[WhiteElo "3116"]
[BlackElo "2931"]
[Result "1-0"]
[Round "8"]
[TimeControl "180+1"]
[Date "2023.08.15"]
[WhiteClock "0:01:30"]
[BlackClock "0:00:02"]
[Board "6"]

1. d4 d6 2. e4 g6 3. c4 Bg7 4. Nc3 Nf6 5. Nf3 Bg4 6. Qb3 Bxf3 7. Qxb7 Nbd7 8. gxf3 O-O 9. Be2 e5 10. d5 Nc5 11. Qc6 a5 12. Be3 Ra6 13. Qb5 Rb6 14. Qxa5 Ra6 15. Qb4 Nh5 16. Nb5 Nf4 17. Bxc5 dxc5 18. Qxc5 Qg5 19. Bf1 Bh6 20. Qb4 Rxa2 21. Rxa2 Ng2+ 22. Bxg2 Qc1+ 23. Ke2 Qc2+ 24. Kf1 Bd2 25. Qa4 Qd3+ 26. Kg1 f5 27. Qd1 fxe4 28. Ra3 Qxc4 29. Qxd2 Qxb5 30. fxe4 Qd7 31. h4 Qg4 32. Rg3 Qf4 33. Qxf4 1-0


[Site "https://www.chess.com"]

[Event "Titled Tuesday Blitz August 15 Late 2023"]
[White "Fedoseev, Vladimir"]
[Black "Holt, Conrad"]
[WhiteFideId "24130737"]
[BlackFideId "2034387"]
[WhiteElo "3111"]
[BlackElo "2910"]
[Result "0-1"]
[Round "8"]
[TimeControl "180+1"]
[Date "2023.08.15"]
[WhiteClock "0:00:00"]
[BlackClock "0:00:05"]
[Board "7"]

1. b3 d5 2. Bb2 Bf5 3. e3 e6 4. Nc3 Nd7 5. g4 Bg6 6. h4 h5 7. g5 Bd6 8. Nge2 c6 9. Bg2 Ne7 10. f4 Qc7 11. d3 Nf5 12. Qd2 Bc5 13. Nd1 O-O-O 14. d4 Be7 15. Nf2 c5 16. O-O-O c4 17. e4 dxe4 18. Nxe4 Nb6 19. N4c3 a6 20. Kb1 Bb4 21. Qc1 Nd5 22. Rh3 Bxc3 23. Bxc3 Kb8 24. Qd2 Rc8 25. Kb2 Nd6 26. Rc1 Bf5 27. Rg3 Be4 28. Bh3 Nf5 29. Bxf5 Bxf5 30. Ba5 Qd6 31. Nc3 Nxf4 32. Bb4 Qxb4 33. Qxf4+ Ka8 34. d5 Rhd8 35. g6 fxg6 36. dxe6 Qe7 37. Re1 Rc6 38. Rge3 cxb3 39. axb3 Rdc8 40. R1e2 Qf6 41. Qf3 Qe7 42. Qg3 Rxe6 43. Nd5 Qc5 44. Rc3 Rxe2 45. Rxc5 Rxc5 46. Qd6 Rexc2+ 47. Ka3 a5 48. Nb6+ Ka7 49. Na4 Rc6 50. Qd4+ b6 51. Qxg7+ Ka6 52. Qg8 Rc8 0-1


[Site "https://www.chess.com"]

[Event "Titled Tuesday Blitz August 15 Late 2023"]
[White "Bortnyk, Olexandr"]
[Black "Lagarde, Maxime"]
[WhiteFideId "14120828"]
[BlackFideId "662399"]
[WhiteElo "3081"]
[BlackElo "2874"]
[Result "1-0"]
[Round "8"]
[TimeControl "180+1"]
[Date "2023.08.15"]
[WhiteClock "0:02:09"]
[BlackClock "0:00:00"]
[Board "8"]

1. d4 Nc6 2. Nc3 e5 3. dxe5 Nxe5 4. Nf3 Nxf3+ 5. exf3 Nf6 6. Bg5 Be7 7. Qd4 O-O 8. O-O-O c6 9. Bd3 h6 10. h4 d5 11. g4 Re8 12. Bxh6 gxh6 13. g5 Nh5 14. Rdg1 hxg5 15. hxg5 Bxg5+ 16. f4 1-0


[Site "https://www.chess.com"]

[Event "Titled Tuesday Blitz August 15 Late 2023"]
[White "Kravtsiv, Martyn"]
[Black "Deac, Bogdan-Daniel"]
[WhiteFideId "14113147"]
[BlackFideId "1226380"]
[WhiteElo "2846"]
[BlackElo "2994"]
[Result "0-1"]
[Round "8"]
[TimeControl "180+1"]
[Date "2023.08.15"]
[WhiteClock "0:00:00"]
[BlackClock "0:00:05"]
[Board "9"]

1. e4 c6 2. Nf3 d5 3. d3 Nd7 4. Nc3 Ngf6 5. Qe2 dxe4 6. Nxe4 Nxe4 7. Qxe4 Nf6 8. Qe2 g6 9. g3 Bg7 10. Bg2 O-O 11. O-O a5 12. d4 Be6 13. c4 Bg4 14. Rd1 e6 15. h3 Bxf3 16. Bxf3 a4 17. Bd2 Qb6 18. Bc3 Rfd8 19. Kg2 Rd7 20. Qc2 Qd8 21. Rd2 Ne8 22. Rad1 Nd6 23. b3 axb3 24. axb3 Rc8 25. Bg4 h5 26. Bf3 Nf5 27. Qb2 Qg5 28. Be4 Rcd8 29. b4 Nd6 30. Bd3 b5 31. c5 Qd5+ 32. Kh2 Ne4 33. Bxe4 Qxe4 34. Qa2 h4 35. Bb2 Bxd4 36. Bxd4 Rxd4 37. Rxd4 Rxd4 38. Rxd4 Qxd4 39. gxh4 Kg7 40. Qb3 Qxf2+ 41. Kh1 Qxh4 42. Qf3 Qe1+ 43. Kg2 Qd2+ 44. Kh1 Qd5 0-1


[Site "https://www.chess.com"]

[Event "Titled Tuesday Blitz August 15 Late 2023"]
[White "Grigoriants, Sergey"]
[Black "Mekhitarian, Krikor Sevag"]
[WhiteFideId "4130804"]
[BlackFideId "2107660"]
[WhiteElo "2966"]
[BlackElo "2810"]
[Result "1-0"]
[Round "8"]
[TimeControl "180+1"]
[Date "2023.08.15"]
[WhiteClock "0:00:45"]
[BlackClock "0:00:12"]
[Board "10"]

1. d4 Nf6 2. c4 g6 3. f3 d5 4. cxd5 Nxd5 5. e4 Nb6 6. Nc3 Bg7 7. Be3 O-O 8. Qd2 Nc6 9. O-O-O Qd6 10. h4 Rd8 11. d5 Na5 12. Nb5 Nac4 13. Bxc4 Nxc4 14. Nxd6 Nxd2 15. Nxc8 Nc4 16. Nxe7+ Kf8 17. Bc5 Bxb2+ 18. Kb1 Ke8 19. Ne2 Bf6 20. Ng8 Bg7 21. Bd4 Kf8 22. Nf6 h6 23. Bc5+ Nd6 24. e5 Bxf6 25. exf6 1-0


[Site "https://www.chess.com"]

[Event "Titled Tuesday Blitz August 15 Late 2023"]
[White "Keymer, Vincent"]
[Black "Tristan, Leonardo"]
[WhiteFideId "12940690"]
[BlackFideId "113816"]
[WhiteElo "2948"]
[BlackElo "2794"]
[Result "1-0"]
[Round "8"]
[TimeControl "180+1"]
[Date "2023.08.15"]
[WhiteClock "0:00:17"]
[BlackClock "0:00:00"]
[Board "11"]

1. Nf3 d5 2. e3 Nf6 3. c4 e6 4. Nc3 dxc4 5. Bxc4 a6 6. e4 b5 7. Bb3 Bb7 8. e5 Nd5 9. d4 c5 10. Bxd5 Bxd5 11. Bg5 Qd7 12. dxc5 Bc6 13. b4 h6 14. Be3 Qb7 15. O-O Nd7 16. Bd4 Be7 17. Re1 g5 18. Rc1 Rc8 19. Nd2 Bxg2 20. Nce4 Qd5 21. Kxg2 Qxd4 22. Nd6+ Bxd6 23. exd6 Qxb4 24. Re4 Qa3 25. Re3 Qb4 26. c6 Qxd6 27. cxd7+ Kxd7 28. Qf3 Rxc1 29. Rd3 f5 30. Rxd6+ Kxd6 31. Qa3+ Rc5 32. Nb3 Rc8 33. Nxc5 Rxc5 34. Qxa6+ Ke5 35. Qb6 Rd5 36. Qb8+ Kf6 37. Qh8+ Kg6 38. Qg8+ Kf6 39. Qh7 g4 40. Qxh6+ Ke5 41. Qe3+ Kd6 42. Kg3 Re5 43. Qb6+ Ke7 44. Kf4 Rd5 45. Kg5 Kd7 46. Kf6 1-0


[Site "https://www.chess.com"]

[Event "Titled Tuesday Blitz August 15 Late 2023"]
[White "Hambleton, Aman"]
[Black "Ibarra Jerez, Jose Carlos"]
[WhiteFideId "2606577"]
[BlackFideId "2226332"]
[WhiteElo "2799"]
[BlackElo "2899"]
[Result "0-1"]
[Round "8"]
[TimeControl "180+1"]
[Date "2023.08.15"]
[WhiteClock "0:00:02"]
[BlackClock "0:00:14"]
[Board "12"]

1. d4 Nf6 2. Bf4 d5 3. e3 c5 4. c3 Nc6 5. Nd2 e6 6. Ngf3 cxd4 7. exd4 Nh5 8. Be3 Bd6 9. g3 O-O 10. Bd3 g6 11. O-O Ng7 12. Bh6 Re8 13. Re1 f6 14. Bxg7 Kxg7 15. c4 Bd7 16. a3 Rc8 17. Bf1 Bb8 18. Rc1 Ne7 19. c5 Nc6 20. b4 a6 21. Qb3 g5 22. h3 f5 23. b5 axb5 24. Bxb5 Na5 25. Qa4 Bxb5 26. Qxb5 g4 27. hxg4 fxg4 28. Ne5 Bxe5 29. Rxe5 Nc6 30. Re3 Nxd4 31. Qxb7+ Rc7 32. Qb4 Qf6 33. c6 Rec8 34. Rf1 Rxc6 35. Nb3 Nc2 36. Qb7+ R8c7 37. Qb8 Rc8 38. Qb7+ R6c7 39. Qb6 Nxe3 40. Qxe3 Rc3 41. Qa7+ R8c7 42. Qb6 R3c6 43. Qe3 e5 44. a4 Rc3 45. Qd2 Rxb3 46. Qxd5 Rbc3 47. a5 Rc1 48. Rxc1 Rxc1+ 49. Kh2 Qxf2+ 50. Qg2 Qxg2+ 51. Kxg2 0-1


[Site "https://www.chess.com"]

[Event "Titled Tuesday Blitz August 15 Late 2023"]
[White "Papp, Levente"]
[Black "Rasulov, Vugar"]
[WhiteFideId "751243"]
[BlackFideId "13402390"]
[WhiteElo "2699"]
[BlackElo "2890"]
[Result "0-1"]
[Round "8"]
[TimeControl "180+1"]
[Date "2023.08.15"]
[WhiteClock "0:00:00"]
[BlackClock "0:00:04"]
[Board "13"]

1. e4 c5 2. Nf3 d6 3. d4 cxd4 4. Nxd4 Nf6 5. Nc3 a6 6. h3 e5 7. Nb3 Be7 8. Be3 Be6 9. f4 Nc6 10. f5 Bxb3 11. axb3 d5 12. exd5 Nb4 13. g3 Nfxd5 14. Nxd5 Nxd5 15. Bf2 Bb4+ 16. Ke2 Qd7 17. Bg2 O-O-O 18. Qd3 Nc7 19. Qe4 Qb5+ 20. c4 Rd2+ 21. Kf1 Rxf2+ 22. Kxf2 Bc5+ 23. Ke2 Qxb3 24. Rhd1 Bd4 25. Rac1 h5 26. Qd3 Qb4 27. c5 Rd8 28. Rc4 Qxb2+ 29. Rc2 Qb5 30. c6 Qxd3+ 31. Rxd3 b5 32. Bf3 b4 33. Bxh5 f6 34. Bf7 Kb8 35. Bc4 Ka7 36. Kf3 Rb8 37. Bb3 Kb6 38. g4 a5 39. h4 Rh8 40. Rh2 Na6 41. Rd1 Nc5 42. Bf7 a4 43. Rdh1 b3 44. g5 e4+ 45. Kg4 b2 46. g6 Rh6 47. Ba2 a3 48. Rc2 Kxc6 49. Rc4 Bf2 50. h5 Kb5 51. Rc2 Bd4 52. Rd1 Nd3 53. Rc8 Be5 54. Kh4 Nf2 55. Re1 Kb6 56. Re2 Nd3 57. Re8 Nf4 58. Rxe4 Rxh5+ 59. Kg4 Rg5+ 60. Kf3 Nd3 61. Rc4 Rg3+ 62. Ke4 Nf2+ 63. Kd5 Rd3+ 64. Ke6 Rd6+ 65. Kf7 Rd7+ 66. Kg8 Nd3 67. Re7 Rxe7 68. Rc8 Rc7 69. Rb8+ Kc5 70. Re8 Kd4 71. Rf8 Nb4 72. Rd8+ Ke3 73. Ra8 Nxa2 74. Rxa3+ Nc3 75. Kh7 b1=Q 76. Ra8 Qxf5 77. Kg8 Qxg6 78. Rf8 Nd5 79. Kh8 Ne7 0-1


[Site "https://www.chess.com"]

[Event "Titled Tuesday Blitz August 15 Late 2023"]
[White "Poltorak, Sebastian"]
[Black "Kovalev, Vladislav"]
[WhiteFideId "1199498"]
[BlackFideId "13504398"]
[WhiteElo "2570"]
[BlackElo "2875"]
[Result "0-1"]
[Round "8"]
[TimeControl "180+1"]
[Date "2023.08.15"]
[WhiteClock "0:00:31"]
[BlackClock "0:00:31"]
[Board "14"]

1. e4 e5 2. Nf3 Nc6 3. Nc3 Nf6 4. a4 Bb4 5. Bd3 O-O 6. O-O Re8 7. Nd5 Bc5 8. c3 a5 9. Bc2 Be7 10. d4 d6 11. h3 exd4 12. Nxd4 Nxd4 13. Qxd4 Nxd5 14. exd5 Bf6 15. Qd3 g6 16. Be3 Bf5 17. Qd2 Qd7 18. Rfe1 Re7 19. Re2 Rae8 20. Rae1 h5 21. Bd1 Kh7 22. Bg5 Rxe2 23. Bxe2 Bxg5 24. Qxg5 Qxa4 25. Qf6 Kg8 26. Kf1 Qc2 27. Qd4 Rxe2 0-1


[Site "https://www.chess.com"]

[Event "Titled Tuesday Blitz August 15 Late 2023"]
[White "Naroditsky, Daniel"]
[Black "Lobanov, Sergei"]
[WhiteFideId "2026961"]
[BlackFideId "24183750"]
[WhiteElo "3147"]
[BlackElo "2785"]
[Result "1-0"]
[Round "8"]
[TimeControl "180+1"]
[Date "2023.08.15"]
[WhiteClock "0:00:04"]
[BlackClock "0:00:00"]
[Board "15"]

1. e4 e5 2. Nf3 Nc6 3. Nc3 Nf6 4. d4 exd4 5. Nd5 Nb4 6. Nxf6+ Qxf6 7. Bc4 Bc5 8. O-O O-O 9. e5 Qg6 10. a3 Nc6 11. b4 Bb6 12. b5 Ne7 13. Bg5 Nf5 14. Bd3 h6 15. Be7 Re8 16. Nh4 Nxh4 17. Bxg6 Nxg6 18. Bb4 Nxe5 19. Re1 d6 20. a4 a5 21. bxa6 bxa6 22. a5 Ba7 23. h3 Bf5 24. Kh2 c5 25. Bd2 c4 26. f4 Nd7 27. Rxe8+ Rxe8 28. Rb1 Nc5 29. Bb4 d3 30. cxd3 Nxd3 31. Bxd6 Rd8 32. Rb7 Be3 33. Qh5 Bg6 34. Qg4 Rxd6 35. f5 Bf4+ 36. g3 h5 37. Rb8+ Kh7 38. fxg6+ fxg6 39. Qc8 Rd8 40. Qxd8 Bxb8 41. Qxb8 1-0


[Site "https://www.chess.com"]

[Event "Titled Tuesday Blitz August 15 Late 2023"]
[White "Grischuk, Alexander"]
[Black "Ghazarian, Kirk"]
[WhiteFideId "4126025"]
[BlackFideId "30908604"]
[WhiteElo "3030"]
[BlackElo "2756"]
[Result "1-0"]
[Round "8"]
[TimeControl "180+1"]
[Date "2023.08.15"]
[WhiteClock "0:00:43"]
[BlackClock "0:01:19"]
[Board "16"]

1. d4 d5 2. Nf3 Nf6 3. Bg5 Ne4 4. Bh4 c5 5. e3 Qb6 6. Nc3 Qb4 7. Bb5+ Nc6 8. O-O Nxc3 9. Bxc6+ bxc6 10. bxc3 Qxc3 11. Ne5 f6 12. Qh5+ g6 13. Nxg6 hxg6 14. Qxh8 cxd4 15. exd4 Qxd4 16. Rfe1 Kf7 17. Qh7+ Bg7 18. Rxe7+ Kxe7 19. Qxg7+ Kd6 20. Bxf6 Qe4 21. Bc3 Be6 22. Re1 Qf5 23. Qb7 Rc8 24. Be5+ Kc5 25. c3 a5 26. Qa7+ Kb5 27. a4+ Kxa4 28. Qb6 1-0


[Site "https://www.chess.com"]

[Event "Titled Tuesday Blitz August 15 Late 2023"]
[White "Shimanov, Aleksandr"]
[Black "Haydon, David L"]
[WhiteFideId "4198603"]
[BlackFideId "415405"]
[WhiteElo "3026"]
[BlackElo "2747"]
[Result "1-0"]
[Round "8"]
[TimeControl "180+1"]
[Date "2023.08.15"]
[WhiteClock "0:01:51"]
[BlackClock "0:01:07"]
[Board "17"]

1. d4 Nf6 2. Bg5 d5 3. Nd2 e6 4. e3 Be7 5. Bd3 O-O 6. f4 Nbd7 7. Ngf3 b6 8. O-O Bb7 9. Ne5 c5 10. c3 Ne4 11. Bxe7 Qxe7 12. Bxe4 dxe4 13. Nxd7 Qxd7 14. Qe2 Rac8 15. a3 Bd5 16. h3 cxd4 17. exd4 f5 18. Rf2 Rf6 19. Qe1 Rg6 20. Nf1 Qe7 21. Ne3 Qh4 22. Kh1 Bb7 23. Rf1 Rg3 24. Kh2 Rg4 25. Nxg4 Qxe1 26. Raxe1 fxg4 27. hxg4 Bd5 28. f5 Rc6 29. fxe6 Rxe6 30. Rf5 1-0


[Site "https://www.chess.com"]

[Event "Titled Tuesday Blitz August 15 Late 2023"]
[White "Bluebaum, Matthias"]
[Black "Mikhailov, Viacheslav"]
[WhiteFideId "24651516"]
[BlackFideId "4187369"]
[WhiteElo "3023"]
[BlackElo "2733"]
[Result "1-0"]
[Round "8"]
[TimeControl "180+1"]
[Date "2023.08.15"]
[WhiteClock "0:00:24"]
[BlackClock "0:00:04"]
[Board "18"]

1. d4 Nf6 2. c4 g6 3. Nc3 Bg7 4. e4 O-O 5. Nf3 d6 6. Be2 Bg4 7. Be3 Nc6 8. d5 Bxf3 9. gxf3 Ne5 10. f4 Ned7 11. h4 c6 12. h5 cxd5 13. exd5 Qa5 14. hxg6 fxg6 15. Qd2 a6 16. Rb1 b5 17. b4 Qc7 18. cxb5 axb5 19. Nxb5 Qb7 20. Rd1 Rfc8 21. O-O Ne4 22. Qd3 Ndf6 23. a3 Qd7 24. Bf3 Qh3 25. Bxe4 Qg4+ 26. Bg2 Qh4 27. Nd4 Ng4 28. Nf3 Qh5 29. Rc1 Rf8 30. Rc7 Be5 31. Rxe7 Bxf4 32. Bxf4 Rxf4 33. Qc3 Rf6 34. Rfe1 Raf8 35. Re8 g5 36. Rxf8+ Rxf8 37. Re7 Qg6 38. Qe1 Kh8 39. b5 Qc2 40. b6 Qb2 41. b7 Nf6 42. Nxg5 Rg8 43. Nf7+ Kg7 44. Nxd6+ Kg6 45. Re3 Ng4 46. Rg3 h5 47. Qe6+ Kh7 48. Qf5+ Kh6 49. Nf7+ Kg7 50. Ng5 Qb1+ 51. Qxb1 1-0


[Site "https://www.chess.com"]

[Event "Titled Tuesday Blitz August 15 Late 2023"]
[White "Martinez Alcantara, Jose Eduardo"]
[Black "Lamaze, Simon"]
[WhiteFideId "3805662"]
[BlackFideId "36069264"]
[WhiteElo "3001"]
[BlackElo "2729"]
[Result "1-0"]
[Round "8"]
[TimeControl "180+1"]
[Date "2023.08.15"]
[WhiteClock "0:02:56"]
[BlackClock "0:02:16"]
[Board "19"]

1. e4 c6 2. d4 d5 3. e5 Bf5 4. h4 h5 5. Bd3 Bxd3 6. Qxd3 Qa5+ 7. b4 Qxb4+ 8. Nd2 e6 9. Rb1 Qe7 10. Ne2 b5 11. a4 a6 12. Nf3 Nh6 13. Ng3 g6 14. Bg5 Qb7 15. O-O Nd7 16. c4 dxc4 17. Qxc4 Nb6 18. Qc2 Nf5 19. Ne4 Nd5 20. Rfc1 Rc8 21. Nf6+ Nxf6 22. Bxf6 Be7 23. Bxh8 1-0


[Site "https://www.chess.com"]

[Event "Titled Tuesday Blitz August 15 Late 2023"]
[White "Elsa167"]
[Black "Hua, Lefong"]
[BlackFideId "2602253"]
[WhiteElo "2939"]
[BlackElo "2712"]
[Result "1-0"]
[Round "8"]
[TimeControl "180+1"]
[Date "2023.08.15"]
[WhiteClock "0:00:32"]
[BlackClock "0:00:11"]
[Board "20"]

1. d4 Nf6 2. c4 c5 3. d5 e6 4. Nc3 exd5 5. cxd5 d6 6. e4 g6 7. f4 Bg7 8. Bb5+ Nbd7 9. Nf3 O-O 10. O-O a6 11. Bxd7 Nxd7 12. f5 b5 13. Bg5 Bf6 14. Bh6 Bg7 15. Qd2 Re8 16. Bxg7 Kxg7 17. a3 f6 18. b4 Qb6 19. Kh1 Ne5 20. Nxe5 Rxe5 21. Qf2 g5 22. Rac1 Bd7 23. Ne2 Rc8 24. Ng3 Be8 25. Rc3 Re7 26. Rfc1 Rec7 27. e5 fxe5 28. f6+ Kf8 29. Ne4 Bf7 30. Nxg5 Bxd5 31. f7 Bxf7 32. Rf3 Qb7 33. Rf1 Ke8 34. Nxf7 Qd5 35. Rf6 Rd7 36. Ng5 Re7 37. Rf8+ Kd7 38. Qf5+ 1-0


[Site "https://www.chess.com"]

[Event "Titled Tuesday Blitz August 15 Late 2023"]
[White "Zhigalko, Sergei"]
[Black "Papasimakopoulos, Alexandros"]
[WhiteFideId "13502956"]
[BlackFideId "4244125"]
[WhiteElo "2927"]
[BlackElo "2709"]
[Result "1-0"]
[Round "8"]
[TimeControl "180+1"]
[Date "2023.08.15"]
[WhiteClock "0:00:23"]
[BlackClock "0:00:21"]
[Board "21"]

1. e4 e6 2. d4 d5 3. e5 Bd7 4. c3 a6 5. Nf3 Ne7 6. Bd3 Bb5 7. Bc2 a5 8. a4 Ba6 9. Na3 h6 10. h4 Nd7 11. h5 b6 12. Bf4 c6 13. Nh4 c5 14. Nb5 Bxb5 15. axb5 c4 16. Qg4 Qc7 17. O-O Nc8 18. Bh2 Na7 19. f4 Be7 20. f5 Bxh4 21. fxe6 fxe6 22. Bg6+ Kd8 23. Qxh4+ Kc8 24. Qe7 Nxb5 25. Qxe6 Qb7 26. Rf7 a4 27. Bf5 Rd8 28. Qg6 a3 29. bxa3 Nxc3 30. Rxd7 Qxd7 31. Qc6+ Kb8 32. Bxd7 Rh8 33. Qxb6# 1-0


[Site "https://www.chess.com"]